 Dungeon Crawl Stone Soup version 0.19.1 (webtiles) character file.

399 loralnil the Chopper (level 7, -6/82 HPs)
             Began as a Formicid Fighter on Dec 10, 2016.
             Mangled by an orc
             ... wielding a +1 dagger of electrocution
              (14 damage)
             ... on level 3 of the Dungeon.
             The game lasted 00:04:30 (1460 turns).

loralnil the Chopper (Formicid Fighter)             Turns: 1460, Time: 00:04:31

Health: -6/82      AC: 23    Str: 23    XL:     7   Next: 10%
Magic:  7/7        EV:  2    Int: 12    God:
Gold:   121        SH: 10    Dex: 10    Spells: 0 memorised, 6 levels left

rFire  . . .     SeeInvis .     a - +0 war axe
rCold  . . .     Gourm    .     (armour currently unavailable)
rNeg   + + +     Faith    .     c - +0 shield
rPois  +         Spirit   .     (helmet unavailable)
rElec  .         Reflect  .     (cloak currently unavailable)
rCorr  .         Harm     .     (gloves currently unavailable)
MR     .....                    (boots currently unavailable)
Stlth  +.........               k - amulet of regeneration
                                (no ring)
                                (no ring)

@: brilliant, tree-form
A: permanent stasis, dig shafts and tunnels, four strong arms, (antennae 0)
a: no special abilities


You were on level 3 of the Dungeon.
You were not hungry.
You were a tree.
You visited 1 branch of the dungeon, and saw 3 of its levels.

You collected 121 gold pieces.

Inventory:

Hand Weapons
 a - a +0 war axe (weapon)
Armour
 c - a +0 shield (worn)
 l - a cursed +0 cloak (melded)
 n - a +0 pair of boots (melded)
 o - a cursed +0 chain mail (melded)
Jewellery
 k - an amulet of regeneration (around neck)
Scrolls
 h - 2 scrolls of amnesia
 i - 2 scrolls of remove curse
Potions
 d - a potion of ambrosia {unknown}
 e - a potion of cure mutation
 g - a potion of brilliance
 j - a potion of curing {unknown}
 p - a potion of heal wounds {unknown}
 r - a potion of lignification
 s - a potion of berserk rage {unknown}
Comestibles
 b - a slice of pizza
 f - 2 bread rations
 m - 2 fruits
 q - a chunk of flesh


   Skills:
 + Level 4.6 Fighting
 + Level 5.1 Axes
 + Level 4.1 Armour
 + Level 1.0 Dodging
 + Level 1.1 Stealth
 + Level 4.5 Shields


You had 6 spell levels left.
You didn't know any spells.

Dungeon Overview and Level Annotations

Branches:
Dungeon (3/15)

Altars:
Sif Muna


Innate Abilities, Weirdness & Mutations

You are under a permanent stasis effect.
You can dig through walls and to a lower floor.
Your four strong arms can wield two-handed weapons with a shield.
((You have a pair of large antennae on your head. (SInv)))


Message History

You block the jackal's attack.
You completely miss the orc. You slash the jackal!
You kill the jackal!
The orc hits you but does no damage.
You are electrocuted!
* * * LOW HITPOINT WARNING * * *
You block the jackal's attack. The orc completely misses you.
You hit the orc.
The orc is heavily wounded.
You hit the jackal but do no damage. You block the jackal's attack.
You block the orc's attack. You block the jackal's attack.
It was a potion of brilliance.
You feel clever all of a sudden. You block the jackal's attack.
You block the orc's attack.
It was a potion of lignification.
You turn into a tree.
Your cursed +0 cloak melds into your body.
Your +0 pair of boots melds into your body.
Your cursed +0 chain mail melds into your body.
Your roots penetrate the ground.
You block the jackal's attack. The orc hits you but does no damage.
You are electrocuted!
You die...

............##.###.# #......(
###...###...##.###.###.....##
#...........##.........#..##
#.#######...########.#....#
...........# ........#
.#######..## #######..# #..#
#..# ##..#####.# ..#
#...h♣oo..# .#
........#####.# #####..##
..... ###... #.## #. ..


You could see 2 orcs and a jackal.

Vanquished Creatures
  Grinder (D:3)
  The ghost of Scuka the Shooter, an amateur CeHu (D:3)
  An orc priest (D:3)
  3 adders
  A worm (D:2)
  A dart slug (D:1)
  2 leopard geckos
  An orc (D:3)
  5 giant cockroaches
  5 goblins
  7 hobgoblins
  A jackal (D:3)
  2 quokkas (D:2)
  A ball python (D:1)
  10 bats
  3 frilled lizards
  7 kobolds
  7 rats
59 creatures vanquished.

Notes
Turn   | Place    | Note
-------+----------+-------------------------------------------
     0 | D:1      | loralnil the Formicid Fighter began the quest for the Orb.
     0 | D:1      | Reached XP level 1. HP: 18/18 MP: 1/1
   304 | D:1      | Reached XP level 2. HP: 24/24 MP: 2/2
   589 | D:1      | Reached XP level 3. HP: 29/29 MP: 3/3
   955 | D:2      | Reached skill level 3 in Axes
   987 | D:2      | Reached XP level 4. HP: 37/37 MP: 4/4
  1060 | D:2      | Found a deep blue altar of Sif Muna.
  1331 | D:3      | Noticed Grinder
  1339 | D:3      | Noticed Scuka's ghost (amateur CeHu)
  1343 | D:3      | Killed Grinder
  1343 | D:3      | Reached skill level 4 in Axes
  1343 | D:3      | Reached skill level 1 in Stealth
  1343 | D:3      | Reached XP level 5. HP: 17/43 MP: 5/5
  1343 | D:3      | Reached XP level 6. HP: 19/49 MP: 6/6
  1353 | D:3      | Killed Scuka's ghost
  1353 | D:3      | Reached skill level 5 in Axes
  1353 | D:3      | Reached XP level 7. HP: 23/55 MP: 7/7
  1456 | D:3      | Reached skill level 1 in Dodging
  1460 | D:3      | Mangled by an orc

Skill      XL: |  1  2  3  4  5  6  7 |
---------------+----------------------+-----
Axes           | 3 4 5 |  5.1
Shields        | 4 |  4.5
Fighting       | 4 |  4.6
Stealth        | 1 |  1.1
Armour         | 4 |  4.1
Dodging        | 1 |  1.0

Action                   |  1- 3 |  4- 6 |  7- 9 || total
-------------------------+-------+-------+-------++-------
Melee: War axe           |   135 |    62 |    21 ||   218
  Use: Scroll            |     7 |       |       ||     7
       Potion            |       |     1 |     2 ||     3
  Eat: Chunk             |     1 |     1 |       ||     2
Armor: Scale mail        |    27 |       |       ||    27
       Chain mail        |    47 |    44 |     7 ||    98
       Skin              |       |       |     1 ||     1
Dodge: Dodged            |    35 |    19 |     5 ||    59
Block: Shield            |    76 |    33 |    18 ||   127
